 Dungeon Sprint DCSS version 0.32-a0-411-g744942f433 (webtiles) character file.

Game seed: 11479873616791425484

0 shadowstone the Trooper (level 3, -1/31 HPs)
             Began as a Coglin Fighter on Feb 20, 2024.
             Slain by a gnoll sergeant
             ... wielding a +0 trident
              (4 damage)
             ... in the Dungeon (Sprint VI: "Thunderdome").
             The game lasted 00:00:59 (46 turns).

shadowstone the Trooper (Coglin Fighter)              Turns: 46, Time: 00:01:00

Health: -1/31      AC:  7    Str: 18    XL:     3   Next: 18%
Magic:  3/3        EV:  9    Int:  7    God:
Gold:   95         SH:  0    Dex: 13    Spells: 2/2 levels left

rFire   . . .        a - +0 war axe {Clara}
rCold   . . .        o - +0 hand cannon {Balvinder}
rNeg    . . .        b - +0 scale mail
rPois   .            (no helmet)
rElec   .            (no cloak)
rCorr   .            (no gloves)
SInv    .            (no boots)
Will    .....        (no amulet) Stlth
                     (no ring)
HPRegen 0.25/turn    (no ring)
MPRegen 0.08/turn

%: no teleportation
@: immotile, revved
A: off-hand wielding, slow wielding, warmup strikes, legs shutdown
a: no special abilities


You were in the Dungeon.
You visited 1 branch You collected 200 gold pieces.
You spent 105 gold pieces at shops.

Inventory:

Hand Weapons
 a - a +0 war axe (weapon) {Clara}
 o - a +0 hand cannon (offhand) {Balvinder}
Armour
 b - a +0 scale mail (worn)
 c - a +0 buckler
Wands
 l - a wand of acid (5)
 m - a wand of roots (5)
Scrolls
 j - 4 scrolls of blinking
 n - 3 scrolls of fog
Potions
 d - a potion of might
 e - a potion of curing
 f - 4 potions of heal wounds
 g - 4 potions of haste
 h - 2 potions of magic
 i - a potion of berserk rage
 k - a potion of resistance


   Skills:
 + Level 4.4 Fighting
 + Level 2.7 Axes
 + Level 4.1 Armour
 + Level 3.2 Shields


You had 2 spell levels left.
You didn't know any spells.
Your spell library was empty.

Dungeon Overview and Level Annotations

Branches:
Dungeon (1/1)

Altars:
Dithmenos
Gozag
Makhleb
Sif Muna
Vehumet
Xom
Beogh

Shops:
D **[(


Innate Abilities, Weirdness & Mutations

You can wield a second weapon in your off-hand.
It takes a long time for you to wield or remove held weapons.
Your first few attacks do less damage.
Attacking and casting redirects power from your legs.


Message History

Nothing quivered!
Nothing quivered!
Nothing quivered!
Nothing quivered!
Nothing quivered!
Nothing quivered!
Nothing quivered!
Nothing quivered!
You cannot move.
You cannot move.
You cannot move.
You cannot move.
You cannot move.
You cannot move.
A gnoll sergeant is nearby!
You cannot move.
What are your orders? t - Shout!
Orders for allies: a - Attack new target. r - Retreat! s - Stop attacking. g - Guard the area. f - Follow me.
Anything else - Cancel.
You shout for attention!
You are no longer unable to travel.
The gnoll sergeant hits you from afar with a +0 trident.
The gnoll sergeant hits you from afar with a +0 trident.
Nothing quivered!
Nothing quivered!
The gnoll sergeant hits you with a +0 trident.
You completely miss the gnoll sergeant with your +0 war axe.
You clumsily bash the gnoll sergeant but do no damage.
The gnoll sergeant barely misses you. x2
You clumsily bash the gnoll sergeant but do no damage.
You hit the gnoll sergeant but do no damage.
The gnoll sergeant barely misses you.
The gnoll sergeant blocks your attack. x2
The gnoll sergeant hits you with a +0 trident!
* * * LOW HITPOINT WARNING * * *
The gnoll sergeant hits you with a +0 trident.
You die...

..... #.<.# ..
.....###...###...
........###.......
......ß.# #.ß.....
__......###......_
###.ß.........ß.#
#⌠...........⌠#
###.........###
#_g@....._#
#........_#
#_........#
#∩.......∩#
##∩.....∩##
##.....## ##⌠⌠⌠##
#####


You could see a gnoll sergeant.

Vanquished Creatures
  A hound (D)
1 creature vanquished.

Notes
Turn   | Place    | Note
-------+----------+-------------------------------------------
     0 | D        | shadowstone the Coglin Fighter began the quest for the Orb.
     0 | D        | Reached XP level 1. HP: 18/18 MP: 1/1
     5 | D        | Found a shimmering altar of Xom.
     5 | D        | Found a shimmering blue altar of Sif Muna.
     5 | D        | Round 1.
     6 | D        | Found an opulent altar of Gozag.
     7 | D        | Found a shadowy altar of Dithmenos.
     8 | D        | Found a radiant altar of Vehumet.
     8 | D        | Found a roughly hewn altar of Beogh.
     8 | D        | Found Ihaczel's Premium Goods.
     8 | D        | Found Ypuguuh's Weapon Rack.
     9 | D        | Found Kexal's Miscellaneous Merchandise.
     9 | D        | Found Meneder's Basic Armour.
    10 | D        | Noticed a hound
    13 | D        | Found a burning altar of Makhleb.
    17 | D        | Bought a +0 hand cannon for 105 gold pieces
    35 | D        | Noticed a gnoll sergeant
    40 | D        | Killed a hound
    41 | D        | Reached XP level 2. HP: 18/26 MP: 2/2
    41 | D        | Reached XP level 3. HP: 22/31 MP: 3/3
    46 | D        | Slain by a gnoll sergeant

Illustrated notes

Levels and vault maps discovered:
D:        arena_sprint

Skill      XL: |  1 |
---------------+----+-----
Fighting       | 4 |  4.4
Armour         | 4 |  4.1
Shields        | 3 |  3.2
Axes           | |  2.7

Action                     || total
---------------------------++-------
  Melee: War axe           ||    10
         Hand cannon       ||    10
 Armour: Scale mail        ||    15
  Dodge: Dodged            ||     8

Table legend: (Time is in decaauts)
 A = Elapsed time spent in this place.
 B = Non-inter-level travel time spent in this place.
 C = Inter-level travel time spent in this place.
 D = Time resting spent in this place.
 E = Time spent auto-exploring this place.
 F = Levels seen in this place.
 G = Mean time per level.
                   A        B        C        D        E       F      G
               +--------+--------+--------+--------+--------+-----+--------+
         Total |     49 |     38 |     11 |      0 |      0 |   1 |   49.0 |
       Dungeon |     49 |     38 |     11 |      0 |      0 |   1 |   49.0 |
               +--------+--------+--------+--------+--------+-----+--------+

Top non-repeatable levels by time:
       D: 49 daAuts
